 Dungeon Crawl Stone Soup version 0.27-a0-1090-gb115f176c6 (console) character file.

Game seed: 13718905751286984771

151 nht the Charlatan (level 5, -2/35 (37) HPs)
             Began as a Demonspawn Artificer on Apr 27, 2021.
             Was a Follower of Qazlal.
             Slain by Crazy Yiuf
             ... wielding a +4 quarterstaff of chaos
              (11 damage)
             ... on level 2 of the Dungeon.
             The game lasted 00:03:27 (3216 turns).

nht the Charlatan (Demonspawn Artificer)            Turns: 3216, Time: 00:03:28

HP:   -2/35 (37)    AC:  3    Str: 13    XL:     5   Next: 11%
MP:   5/5           EV: 11    Int: 13    God:    Qazlal [*.....]
Gold: 124           SH:  7    Dex: 13    Spells: 4/4 levels left

rFire    . . .     SeeInvis .     - Unarmed
rCold    . . .     Faith    .   (no shield)
rNeg     . . .     Spirit   .   b - +0 leather armour
rPois    .         Reflect  +   (helmet restricted)
rElec    .         Harm     .   (no cloak)
rCorr    .         Rampage  .   (no gloves)
Will     .....                  (no boots)
Stlth    +.........             h - amulet of reflection
HPRegen  0.11/turn              (no ring)
MPRegen  0.09/turn              (no ring)

@: drained
A: antennae 1, claws 1, hooves 1, demonic guardian 1
a: Renounce Religion


You were on level 2 of the Dungeon.
You worshipped Qazlal.
Qazlal was aware of your devotion.
You visited 1 branch of the dungeon, and saw 2 of its levels.

You collected 124 gold pieces.

Inventory:

Hand Weapons
 a - a +0 club
 i - a +0 hand axe
Missiles
 l - 4 atropa-tipped darts
Armour
 b - a +0 leather armour (worn)
Jewellery
 h - an amulet of reflection (around neck)
Wands
 d - a wand of charming (15)
Scrolls
 f - a scroll of magic mapping
 j - a scroll of enchant weapon
 k - a scroll of teleportation {unknown}
 m - a scroll of fear {unknown}
Potions
 c - a potion of lignification
 g - a potion of haste
Miscellaneous
 e - a piece from Xom's chessboard (13/15) (quivered)


   Skills:
 - Level 1.0 Fighting
 - Level 1.7 Armour
 - Level 0.8 Dodging
 - Level 0.8 Stealth
 + Level 3.6 Unarmed Combat
 - Level 4.0 Evocations


You had 4 spell levels left.
You didn't know any spells.
Your spell library was empty.

Dungeon Overview and Level Annotations

Branches:
Dungeon (2/15)

Altars:
Qazlal

Shops:
D:1 ?

Annotations:
D:2 Crazy Yiuf


Innate Abilities, Weirdness & Mutations

You have a pair of small antennae on your head.
You have sharp fingernails.
You have large cloven feet.
A weak demonic guardian rushes to your aid.


Message History

There is an open door here.
As you open the door, it creaks loudly!
Crazy Yiuf shouts!
Crazy Yiuf sings, "Trees, trees, trees, circus!"
Crazy Yiuf screams, "Whiteboard hog green!"
Could not explore, unopened runed door.
No reachable target in view!
You open the door. You barely miss Crazy Yiuf. You scratch Crazy Yiuf.
Crazy Yiuf is lightly wounded.
Crazy Yiuf waves his quarterstaff at you.
You block Crazy Yiuf's attack.
You scratch Crazy Yiuf.
Crazy Yiuf is moderately wounded.
Crazy Yiuf barely misses you.
You scratch Crazy Yiuf but do no damage.
Your kick misses Crazy Yiuf.
Crazy Yiuf is moderately wounded.
You block Crazy Yiuf's attack.
You barely miss Crazy Yiuf.
Crazy Yiuf is moderately wounded.
Crazy Yiuf hits you with a +4 quarterstaff of chaos.
A demonic guardian appears!
You completely miss Crazy Yiuf.
Crazy Yiuf is moderately wounded.
Crazy Yiuf cries, "Cake!"
Crazy Yiuf hits you with a +4 quarterstaff of chaos!
You feel drained.
You scratch Crazy Yiuf. Your kick misses Crazy Yiuf.
Crazy Yiuf is heavily wounded.
Crazy Yiuf misses you.
You scratch Crazy Yiuf but do no damage.
You claw Crazy Yiuf, but do no damage.
Crazy Yiuf is heavily wounded.
Crazy Yiuf twirls on the spot.
Crazy Yiuf hits you with a +4 quarterstaff of chaos!
* * * LOW HITPOINT WARNING * * *
You are electrocuted!
You die...

█....████...█
█....█ █..>█
♣P♣..♣
█...████
♣..P♣♣
█......█
♣♣.♣♣
█......█████
♣.♣♣
█......'....
♣♣.♣
█......█████
♣5♣♣ ███....█
♣♣@♣ █....█


█g█ ███....█ ... █.'....█ █...█ ███....█ █..)█ █....█████ █████ █........█
█........█ ███ █........█ █.█ ██████'███ You could see Crazy Yiuf (ally target)
and a friendly iron imp (summoned).

Vanquished Creatures
  Terence (D:2)
  An iguana (D:2)
  4 adders
  5 dart slugs
  3 orcs (D:2)
  6 bats
  3 endoplasms
  2 giant cockroaches
  7 goblins
  4 hobgoblins
  4 jackals
  A quokka (D:1)
  2 ball pythons (D:1)
  4 frilled lizards
  2 kobolds
  5 rats
54 creatures vanquished.

Vanquished Creatures (others)
  3 fungi (D:2)
3 creatures vanquished.

Grand Total: 57 creatures vanquished

Notes
Turn   | Place    | Note
-------+----------+-------------------------------------------
     0 | D:1      | nht the Demonspawn Artificer began the quest for the Orb.
     0 | D:1      | Reached XP level 1. HP: 15/15 MP: 1/1
   129 | D:1      | Gained mutation: You have a pair of small antennae on your
                  | head. [demonic ancestry]
   129 | D:1      | Reached XP level 2. HP: 21/21 MP: 2/2
   401 | D:1      | Reached skill level 4 in Evocations
   488 | D:1      | Gained mutation: You have large cloven feet. [demonic
                  | ancestry]
   488 | D:1      | Reached XP level 3. HP: 6/26 MP: 3/3
   808 | D:1      | Reached skill level 1 in Unarmed Combat
  1057 | D:1      | Found Cion's Magic Scroll Shop.
  1281 | D:1      | Found a faded altar of an unknown god.
  1288 | D:1      | Became a worshipper of Qazlal Stormbringer
  1288 | D:1      | Reached * piety under Qazlal
  2007 | D:2      | Gained mutation: You have sharp fingernails. [demonic
                  | ancestry]
  2007 | D:2      | Reached XP level 4. HP: 20/32 MP: 4/4
  2437 | D:2      | Found a runed translucent door.
  2438 | D:2      | Noticed Crazy Yiuf
  2560 | D:2      | Upgraded the game from 0.27-a0-1084-g78b3836a5f to
                  | 0.27-a0-1090-gb115f176c6
  2680 | D:2      | Noticed Terence
  2690 | D:2      | Killed Terence
  2843 | D:2      | Gained mutation: A weak demonic guardian rushes to your
                  | aid. [demonic ancestry]
  2843 | D:2      | Reached XP level 5. HP: 24/37 MP: 5/5
  3216 | D:2      | Slain by Crazy Yiuf

Illustrated notes

Levels and vault maps discovered:
D:1:      matt_arrival_debris, layout_basic, serial_shops, shop_statue,
          shapermc_ecumenical_altar_hornbeckon, minmay_heptomino_o4
D:2:      layout_basic, guppyfry_early_orc_mine, uniq_crazy_yiuf_cottage,
          uniq_terence

Skill      XL: |  1  2  3  4 |
---------------+-------------+-----
Evocations     | 4 |  4.0
Unarmed Combat | 2 3 |  3.6
Fighting       | |  1.0
Armour         | |  1.7
Dodging        | |  0.8
Stealth        | |  0.8

Action                   |  1- 3 |  4- 6 || total
-------------------------+-------+-------++-------
Melee: Hand axe          |    96 |     7 ||   103
       Club              |    12 |       ||    12
       Kick              |    12 |    13 ||    25
       Unarmed           |       |    57 ||    57
       Punch             |       |     1 ||     1
Evoke: Wand              |    15 |       ||    15
       Piece from Xom's  |     4 |     4 ||     8
  Use: Scroll            |     4 |       ||     4
 Stab: Paralysed         |     2 |     6 ||     8
       Confused          |     1 |       ||     1
       Sleeping          |     1 |       ||     1
Armor: Leather armour    |    39 |    12 ||    51
Dodge: Dodged            |    76 |    22 ||    98
Block: Other             |     5 |    13 ||    18

Table legend: (Time is in decaauts)
 A = Elapsed time spent in this place.
 B = Non-inter-level travel time spent in this place.
 C = Inter-level travel time spent in this place.
 D = Time resting spent in this place.
 E = Time spent auto-exploring this place.
 F = Levels seen in this place.
 G = Mean time per level.
                   A        B        C        D        E       F      G
               +--------+--------+--------+--------+--------+-----+--------+
         Total |   3260 |   3183 |     77 |      0 |   2789 |   2 | 1630.0 |
       Dungeon |   3260 |   3183 |     77 |      0 |   2789 |   2 | 1630.0 |
               +--------+--------+--------+--------+--------+-----+--------+

Top non-repeatable levels by time:
     D:2: 1682 daAuts
     D:1: 1577 daAuts
